PAAA
FLORIDA MEN @ MILTON DOGFISH HEAD
05/13/2024
 
TOP OF THE 1ST
Florida Men batting - Pitching for Milton Dogfish Head : RHP Juan Reyes
Pitching: RHP Juan Reyes
Batting: RHB Jim Unknown 0-0: Called Strike
0-1: Ground out 6-3 (Groundball, 6)
Batting: LHB Bastyão Lizardo 0-0: Ball
1-0: Ball
2-0: Called Strike
2-1: SINGLE (Line Drive, 4M)
Batting: RHB Max Banham 0-0: Called Strike
0-1: Called Strike
0-2: Ball
1-2: Fly out, F6 (Popup, 6D)
Batting: RHB Pat Ings 0-0: Called Strike
0-1: Called Strike
0-2: Fly out, F3 (Popup, 3F)
Top of the 1st over - 0 run(s), 1 hit(s), 0 error(s), 1 left on base; Florida 0 - Milton 0
BOTTOM OF THE 1ST
Milton Dogfish Head batting - Pitching for Florida Men : LHP Jim Unknown
Pitching: LHP Jim Unknown
Batting: RHB Raúl Ortíz 0-0: Called Strike
0-1: Ball
1-1: Ball
2-1: Ground out 5-3 (Groundball, 5S)
Batting: LHB Robert Adams 0-0: Ball
1-0: Swinging Strike
1-1: Swinging Strike
1-2: Strikes out looking
Batting: RHB Roy Childress 0-0: Foul Ball, location: 2F
0-1: Ball
1-1: Called Strike
1-2: Ball
2-2: Strikes out looking
Bottom of the 1st over - 0 run(s), 0 hit(s), 0 error(s), 0 left on base; Florida 0 - Milton 0
TOP OF THE 2ND
Florida Men batting - Pitching for Milton Dogfish Head : RHP Juan Reyes
Batting: RHB Gilberto Patino 0-0: Ball
1-0: SOLO HOME RUN (Line Drive, 89XD), Distance : 397 ft
Batting: RHB Jim Unknown 0-0: Ball
1-0: Called Strike
1-1: SINGLE (Groundball, 4M)
Batting: LHB Mysterious Walker 0-0: Called Strike
0-1: Foul Ball, location: 2F
0-2: Strikes out looking
Batting: LHB Jim Unknown 0-0: Ball
1-0: Fly out, F8 (Flyball, 8LD)
Batting: RHB Greg Robinson 0-0: Called Strike
0-1: DOUBLE (Flyball, 8RXD)
Jim Unknown to third
Runner from 3rd tries for Home, SAFE, no throw or cutoff
Batting: RHB Jim Unknown 0-0: Foul Ball, location: 2F
0-1: Foul Ball, location: 2F
0-2: Ball
1-2: Foul Ball, location: 2F
1-2: Foul Ball, location: 2F
1-2: Fly out, F9 (Flyball, 9M)
Top of the 2nd over - 2 run(s), 3 hit(s), 0 error(s), 1 left on base; Florida 2 - Milton 0
BOTTOM OF THE 2ND
Milton Dogfish Head batting - Pitching for Florida Men : LHP Jim Unknown
Batting: LHB Sean Booth 0-0: Called Strike
0-1: Ball
1-1: Foul Ball, location: 2F
1-2: Fly out, F8 (Flyball, 8RS)
Batting: RHB José Correa 0-0: Called Strike
0-1: Ball
1-1: Ball
2-1: Ball
3-1: Base on Balls
Batting: RHB Leonard James 0-0: Ball
1-0: Foul Ball, location: 2F
1-1: Swinging Strike
1-2: Ball
2-2: Reached on Error, E8 (Flyball, 89M)
José Correa to second
Batting: RHB David Sánchez 0-0: Ball
1-0: Foul Ball, location: 2F
1-1: Fly out, F2 (Popup, 23F)
Batting: RHB Lane Hancock 0-0: Ball
1-0: Ball
2-0: Swinging Strike
2-1: Ball
3-1: Base on Balls
José Correa to third
Leonard James to second
Batting: RHB Jeff Bass 0-0: Swinging Strike
0-1: Fielders Choice at 2nd, U4 (Groundball, 4M)
Bottom of the 2nd over - 0 run(s), 0 hit(s), 1 error(s), 3 left on base; Florida 2 - Milton 0
TOP OF THE 3RD
Florida Men batting - Pitching for Milton Dogfish Head : RHP Juan Reyes
Batting: LHB Bastyão Lizardo 0-0: SOLO HOME RUN (Flyball, 9D), Distance : 377 ft
Batting: RHB Max Banham 0-0: Ball
1-0: Ball
2-0: Ground out 4-3 (Groundball, 34)
Batting: RHB Pat Ings 0-0: Ball
1-0: Called Strike
1-1: Fly out, F7 (Flyball, 7D)
Batting: RHB Gilberto Patino 0-0: Ball
1-0: Foul Ball, location: 2F
1-1: Ball
2-1: Swinging Strike
2-2: Strikes out swinging
Top of the 3rd over - 1 run(s), 1 hit(s), 0 error(s), 0 left on base; Florida 3 - Milton 0
BOTTOM OF THE 3RD
Milton Dogfish Head batting - Pitching for Florida Men : LHP Jim Unknown
Batting: RHB Raúl Ortíz 0-0: Ball
1-0: Called Strike
1-1: Ball
2-1: Reached on Error, E8 (Flyball, 8LM)
Batting: LHB Robert Adams 0-0: Called Strike
0-1: Swinging Strike
0-2: Fly out, F7 (Flyball, 78M)
Batting: RHB Roy Childress 0-0: Ball
1-0: Ball
2-0: Ball
3-0: Base on Balls
Raúl Ortíz to second
Batting: LHB Sean Booth 0-0: Ball
1-0: Foul Ball, location: 2F
1-1: Ball
2-1: SINGLE (Line Drive, 34D)
Raúl Ortíz to third
Roy Childress to second
Batting: RHB José Correa 0-0: Ball
1-0: Foul Ball, location: 2F
1-1: Ball
2-1: Ball
3-1: Foul Ball, location: 2F
3-2: Fly out, F7 (Flyball, 8LXD)
Runner from 3rd tags up, SCORES, no throw
Batting: RHB Leonard James 0-0: Ball
1-0: Ball
2-0: Foul Ball, location: 2F
2-1: Ball
3-1: Foul Ball, location: 2F
3-2: 3-RUN HOME RUN (Flyball, 7D), Distance : 399 ft
Batting: RHB David Sánchez 0-0: Ball
1-0: Foul Ball, location: 2F
1-1: Ball
2-1: Called Strike
2-2: Ball
3-2: Strikes out swinging
Bottom of the 3rd over - 4 run(s), 2 hit(s), 1 error(s), 0 left on base; Florida 3 - Milton 4
TOP OF THE 4TH
Florida Men batting - Pitching for Milton Dogfish Head : RHP Juan Reyes
Batting: RHB Jim Unknown 0-0: DOUBLE (Line Drive, 89D)
Batting: LHB Mysterious Walker 0-0: Ball
1-0: Ball
2-0: Called Strike
2-1: DOUBLE (Groundball, 3D)
Jim Unknown scores
Batting: LHB Jim Unknown 0-0: Ball
1-0: Fly out, F6 (Popup, 56D)
Batting: RHB Greg Robinson 0-0: Swinging Strike
0-1: Foul Ball, location: 2F
0-2: Ball
Wild Pitch!
Mysterious Walker to third
1-2: Ball
2-2: SINGLE (Line Drive, 6MD)
Mysterious Walker scores
Batting: RHB Jim Unknown 0-0: Ball
1-0: Swinging Strike
1-1: Ball
2-1: Foul Ball, location: 2F
2-2: Fly out, F7 (Flyball, 7M)
Batting: LHB Bastyão Lizardo 0-0: Called Strike
0-1: Ball
1-1: SINGLE (Line Drive, 9LS)
Greg Robinson to second
Batting: RHB Max Banham 0-0: Ball
1-0: Ball
2-0: Foul Ball, location: 2F
2-1: Ball
3-1: Base on Balls
Greg Robinson to third
Bastyão Lizardo to second
Batting: RHB Pat Ings 0-0: Fly out, F8 (Flyball, 8RM)
Top of the 4th over - 2 run(s), 4 hit(s), 0 error(s), 3 left on base; Florida 5 - Milton 4
BOTTOM OF THE 4TH
Milton Dogfish Head batting - Pitching for Florida Men : LHP Jim Unknown
Batting: RHB Lane Hancock 0-0: Ball
1-0: Ground out 1-3 (Groundball, 13)
Batting: RHB Jeff Bass 0-0: Ball
1-0: Ball
2-0: Called Strike
2-1: Foul Ball, location: 2F
2-2: Strikes out looking
Batting: RHB Raúl Ortíz 0-0: Foul Ball, location: 2F
0-1: Swinging Strike
0-2: Foul Ball, location: 2F
0-2: Foul Ball, location: 2F
0-2: Ball
1-2: SINGLE (Line Drive, 6D)
Batting: LHB Robert Adams 0-0: Called Strike
0-1: Swinging Strike
0-2: Ball
1-2: SINGLE (Line Drive, 89M)
Raúl Ortíz to second
Batting: RHB Roy Childress 0-0: Ball
1-0: Called Strike
1-1: Fly out, F3 (Popup, 3F)
Bottom of the 4th over - 0 run(s), 2 hit(s), 0 error(s), 2 left on base; Florida 5 - Milton 4
TOP OF THE 5TH
Florida Men batting - Pitching for Milton Dogfish Head : RHP Juan Reyes
Batting: RHB Gilberto Patino 0-0: Ball
1-0: Ball
2-0: Called Strike
2-1: Called Strike
2-2: Foul Ball, location: 2F
2-2: Ball
3-2: Strikes out swinging, 2-3 out at first.
Batting: RHB Jim Unknown 0-0: Foul Ball, location: 2F
0-1: Ball
1-1: Ball
2-1: Ball
3-1: Base on Balls
Batting: LHB Mysterious Walker 0-0: Called Strike
0-1: Ball
1-1: Ball
2-1: Foul Ball, location: 2F
2-2: Ball
3-2: Grounds into double play, 4-6-3 (Groundball, 4)
Top of the 5th over - 0 run(s), 0 hit(s), 0 error(s), 0 left on base; Florida 5 - Milton 4
BOTTOM OF THE 5TH
Milton Dogfish Head batting - Pitching for Florida Men : LHP Jim Unknown
Batting: LHB Sean Booth 0-0: Ball
1-0: Foul Ball, location: 2F
1-1: Foul Ball, location: 2F
1-2: Ball
2-2: Fly out, F9 (Popup, 34D)
Batting: RHB José Correa 0-0: Ball
1-0: Ball
2-0: Called Strike
2-1: Fly out, F7 (Flyball, 78M)
Batting: RHB Leonard James 0-0: Ball
1-0: SOLO HOME RUN (Flyball, 8LXD), Distance : 432 ft
Batting: RHB David Sánchez 0-0: Ball
1-0: Ball
2-0: Swinging Strike
2-1: Swinging Strike
2-2: Foul Ball, location: 2F
2-2: Strikes out swinging
Bottom of the 5th over - 1 run(s), 1 hit(s), 0 error(s), 0 left on base; Florida 5 - Milton 5
TOP OF THE 6TH
Florida Men batting - Pitching for Milton Dogfish Head : RHP Juan Reyes
Batting: LHB Jim Unknown 0-0: Foul Ball, location: 2F
0-1: Ball
1-1: Fly out, F6 (Popup, 6MD)
Batting: RHB Greg Robinson 0-0: Ball
1-0: Foul Ball, location: 2F
1-1: Ball
2-1: Ball
3-1: Fly out, F9 (Popup, 34D)
Batting: RHB Jim Unknown 0-0: Bunted foul
0-1: Foul Ball, location: 2F
0-2: Ball
1-2: Strikes out swinging
Top of the 6th over - 0 run(s), 0 hit(s), 0 error(s), 0 left on base; Florida 5 - Milton 5
BOTTOM OF THE 6TH
Milton Dogfish Head batting - Pitching for Florida Men : LHP Jim Unknown
Batting: RHB Lane Hancock 0-0: SOLO HOME RUN (Flyball, 7LD), Distance : 387 ft
Pitching: RHP Floyd Cotton
Batting: RHB Jeff Bass 0-0: Ball
1-0: SINGLE (Flyball, 78S)
Batting: RHB Raúl Ortíz 0-0: Ball
1-0: Ground out 3-1 (Groundball, 34)
Jeff Bass to second
Batting: LHB Robert Adams 0-0: Intentional Walk
Batting: RHB Roy Childress 0-0: Ball
1-0: Ball
2-0: Foul Ball, location: 2F
2-1: Fielders Choice at 3rd, U5 (Groundball, 5L)
Robert Adams to second
Batting: LHB Sean Booth 0-0: Ball
1-0: 3-RUN HOME RUN (Flyball, 89XD), Distance : 391 ft
Batting: RHB José Correa 0-0: Ball
1-0: Foul Ball, location: 2F
1-1: Foul Ball, location: 2F
1-2: Ball
2-2: Foul Ball, location: 2F
2-2: Fly out, F2 (Popup, 2LF)
Bottom of the 6th over - 4 run(s), 3 hit(s), 0 error(s), 0 left on base; Florida 5 - Milton 9
TOP OF THE 7TH
Florida Men batting - Pitching for Milton Dogfish Head : RHP Juan Reyes
Batting: LHB Bastyão Lizardo 0-0: DOUBLE (Flyball, 8LXD)
Batting: RHB Max Banham 0-0: Ball
1-0: Ball
2-0: Called Strike
2-1: Fly out, F8 (Flyball, 8RM)
Batting: RHB Pat Ings 0-0: Ground out 4-3 (Groundball, 4)
Bastyão Lizardo to third
Batting: RHB Gilberto Patino 0-0: Called Strike
0-1: Swinging Strike
0-2: Ball
1-2: Foul Ball, location: 2F
1-2: Ball
2-2: Foul Ball, location: 2F
2-2: Fly out, F8 (Line Drive, 8RD)
Top of the 7th over - 0 run(s), 1 hit(s), 0 error(s), 1 left on base; Florida 5 - Milton 9
BOTTOM OF THE 7TH
Milton Dogfish Head batting - Pitching for Florida Men : RHP Floyd Cotton
Pitching: RHP Álex López
Batting: RHB Leonard James 0-0: Ball
1-0: Foul Ball, location: 2F
1-1: Ball
2-1: Called Strike
2-2: Foul Ball, location: 2F
2-2: Fly out, F7 (Flyball, 7D)
Batting: RHB David Sánchez 0-0: Called Strike
0-1: SINGLE (Groundball, 56) (infield hit)
Batting: RHB Lane Hancock 0-0: Ball
1-0: Ball
2-0: Fly out, F7 (Flyball, 7D)
Batting: RHB Jeff Bass 0-0: Ball
1-0: Called Strike
1-1: Ball
2-1: Ball
3-1: Base on Balls
David Sánchez to second
Batting: RHB Raúl Ortíz 0-0: Ball
1-0: Swinging Strike
1-1: Foul Ball, location: 2F
1-2: Ball
2-2: Ball
3-2: Ground out 4-3 (Groundball, 4)
Bottom of the 7th over - 0 run(s), 1 hit(s), 0 error(s), 2 left on base; Florida 5 - Milton 9
TOP OF THE 8TH
Florida Men batting - Pitching for Milton Dogfish Head : RHP Juan Reyes
Batting: RHB Jim Unknown 0-0: Ball
1-0: Ball
2-0: Called Strike
2-1: Ball
3-1: Fly out, F9 (Flyball, 9LM)
Pitching: RHP Luis De La Hoya
Batting: LHB Mysterious Walker 0-0: Called Strike
0-1: Fly out, F2 (Popup, 2LF)
Batting: LHB Jim Unknown 0-0: Ball
1-0: Ball
2-0: Ground out U3 (Groundball, 3S)
Top of the 8th over - 0 run(s), 0 hit(s), 0 error(s), 0 left on base; Florida 5 - Milton 9
BOTTOM OF THE 8TH
Milton Dogfish Head batting - Pitching for Florida Men : RHP Álex López
Batting: LHB Robert Adams 0-0: Called Strike
0-1: Ball
1-1: Ball
2-1: Foul Ball, location: 2F
2-2: Ball
3-2: Foul Ball, location: 2F
3-2: Foul Ball, location: 2F
3-2: Foul Ball, location: 2F
3-2: Fly out, F8 (Flyball, 8LS)
Batting: RHB Roy Childress 0-0: Ball
1-0: Ball
2-0: Swinging Strike
2-1: Ball
3-1: Base on Balls
Batting: LHB Sean Booth 0-0: Foul Ball, location: 2F
0-1: Ball
1-1: Ground out 4-3 (Groundball, 4M)
Roy Childress to second
Batting: RHB José Correa 0-0: Ground out 5-3 (Groundball, 5L)
Bottom of the 8th over - 0 run(s), 0 hit(s), 0 error(s), 1 left on base; Florida 5 - Milton 9
TOP OF THE 9TH
Florida Men batting - Pitching for Milton Dogfish Head : RHP Luis De La Hoya
Pitching: LHP Jim Unknown
Batting: RHB Greg Robinson 0-0: Called Strike
0-1: SINGLE (Line Drive, 7S)
Batting: RHB Jim Unknown 0-0: Ball
1-0: Called Strike
1-1: Foul Ball, location: 2F
1-2: SINGLE (Line Drive, 7LM)
Greg Robinson to second
Batting: LHB Bastyão Lizardo 0-0: Called Strike
0-1: Grounds into double play, 4-6-3 (Groundball, 4)
Greg Robinson to third
Batting: RHB Max Banham 0-0: Swinging Strike
0-1: Swinging Strike
0-2: Strikes out looking
Top of the 9th over - 0 run(s), 2 hit(s), 0 error(s), 1 left on base; Florida 5 - Milton 9
This league is powered by Out of the Park Baseball, the baseball management simulation game for PC, Mac and Linux
Monday, October 3rd, 2016 - OOTP Baseball 16.9 Build 39